 Dungeon Sprint DCSS version 0.29-a0-813-g4a14ea37d6 (webtiles) character file.

Game seed: 15389383751078152055

614 123456 the Fighter (level 7, -3/74 HPs)
             Began as a Minotaur Fighter on July 4, 2022.
             Was a Follower of Okawaru.
             Slain by a vampire (8 damage)
             ... in the Dungeon (Sprint IX: "|||||||||||||||||||||||||||||").
             The game lasted 00:00:47 (503 turns).

123456 the Fighter (Minotaur Fighter)                Turns: 503, Time: 00:00:48

Health: -3/74      AC: 17    Str: 21    XL:     7   Next: 20%
Magic:  6/6        EV: 15    Int:  8    God:    Okawaru [*.....]
Gold:   0          SH:  4    Dex: 11    Spells: 6/6 levels left

rFire   . . .      SeeInvis .   n - +2 morningstar (protect)
rCold   . . .      Faith    .   c - +0 buckler
rNeg    . . .      Spirit   .   o - +2 ring mail
rPois   .          Reflect  .   (helmet restricted)
rElec   .          Harm     .   (no cloak)
rCorr   .          Rampage  .   a - +0 pair of gloves
Will    .....      NoTele   +   (no boots)
Stlth   +.........              (no amulet)
HPRegen 0.22/turn               q - +3 ring of intelligence
MPRegen 0.10/turn               p - +2 ring of evasion

@: under a protective aura
A: horns 2, retaliatory headbutt
a: Renounce Religion, Heroism


You were in the Dungeon.
You worshipped Okawaru.
Okawaru was aware of your devotion.
You visited 1 branch

Inventory:

Hand Weapons
 n - a +2 morningstar of protection (weapon)
Armour
 a - a +0 pair of gloves (worn)
 c - a +0 buckler (worn)
 o - a +2 ring mail (worn)
Jewellery
 p - a +2 ring of evasion (right hand)
 q - a +3 ring of intelligence (left hand)
Wands
 m - a wand of roots (10)
Scrolls
 j - 2 scrolls of blinking
 l - 2 scrolls of amnesia
Potions
 d - a potion of might
 e - 5 potions of curing
 f - 3 potions of heal wounds
 g - a potion of haste
 h - 4 potions of magic
 i - a potion of berserk rage
 k - a potion of invisibility


   Skills:
 * Level 11.4 Fighting
 * Level 11.1 Maces & Flails
 + Level 8.4 Armour
 + Level 6.9 Dodging
 - Level 3.6 Shields


You had 6 spell levels left.
You didn't know any spells.
Your spell library was empty.

Dungeon Overview and Level Annotations

Branches:
Dungeon (1/1)

Altars:
Cheibriados
Dithmenos
Elyvilon
Fedhas
Gozag
Hepliaklqana
Kikubaaqudgha
Makhleb
Nemelex Xobeh
Okawaru
Qazlal
Ru
Sif Muna
Trog
Uskayaw
Vehumet
Wu Jian
Xom
Yredelemnul
Zin
The Shining One
Jiyva
Lugonu


Innate Abilities, Weirdness & Mutations

You have a pair of horns on your head.
You reflexively headbutt those who attack you in melee.


Message History

You have reached level 7!
The centaur unwields a +0 shortbow.
You block the centaur's attack. The centaur barely misses you.
Items here: )) [[.
You completely miss the centaur.
The centaur hits you but does no damage.
The centaur closely misses you. The centaur barely misses you.
You furiously retaliate!
You headbutt the centaur.
The centaur kicks you but does no damage.
You closely miss the centaur. You headbutt the centaur!
The centaur is severely wounded.
The centaur hits you but does no damage.
The centaur barely misses you.
You barely miss the centaur.
The centaur is severely wounded.
The centaur barely misses you.
The centaur kicks you but does no damage.
The centaur hits you but does no damage.
The centaur kicks you.
You sock the centaur!
Your weapon exudes an aura of protection.
You kill the centaur!
Okawaru accepts your kill.
Your Maces & Flails skill increases to level 11!
You barely miss something. Something hits you but does no damage.
You block something's attack.
You barely miss something. Something hits you.
Something bites you but does no damage.
You miss something. Something hits you.
* * * LOW HITPOINT WARNING * * *
Something bites you but does no damage.
You puncture something!
Your weapon exudes an aura of protection.
You headbutt something. Something hits you.
* * * LOW HITPOINT WARNING * * *
Something bites you but does no damage.
You hit something. Something hits you!
* * * LOW HITPOINT WARNING * * *
Something bites you!
You die...

▓+▓
▓.▓
▓.▓
▓.▓
▓{▓
▓@▓
▓.▓
▓'▓
▓[▓
▓.▓
▓.▓
▓[▓
▓.▓
▓.▓


There were no monsters in sight!

Vanquished Creatures
  A wyvern (D)
  A vampire mosquito (D)
  A black bear (D)
  A centaur (D)
  A scorpion (D)
  2 wights (D)
  An ufetubus (D)
  A worm (D)
  A dart slug (D)
  An orc (D)
  2 hobgoblins (D)
  A quokka (D)
  A kobold (D)
15 creatures vanquished.

Notes
Turn   | Place    | Note
-------+----------+-------------------------------------------
     0 | D        | 123456 the Minotaur Fighter began the quest for the Orb.
     0 | D        | Reached XP level 1. HP: 19/19 MP: 0/0
     7 | D        | Reached skill level 1 in Dodging
   167 | D        | Noticed a scorpion
   167 | D        | Noticed a black bear
   170 | D        | Reached XP level 2. HP: 24/28 MP: 1/1
   177 | D        | Killed a black bear
   178 | D        | Reached skill level 5 in Armour
   178 | D        | Reached XP level 3. HP: 16/39 MP: 2/2
   178 | D        | Reached XP level 4. HP: 19/47 MP: 3/3
   185 | D        | Killed a scorpion
   186 | D        | Reached XP level 5. HP: 7/53 MP: 4/4
   409 | D        | Found a snail-covered altar of Cheibriados.
   409 | D        | Found a shadowy altar of Dithmenos.
   409 | D        | Found a white marble altar of Elyvilon.
   409 | D        | Found a blossoming altar of Fedhas.
   409 | D        | Found an opulent altar of Gozag.
   410 | D        | Found a hazy altar of Hepliaklqana.
   411 | D        | Found a viscous altar of Jiyva.
   412 | D        | Found an ancient bone altar of Kikubaaqudgha.
   413 | D        | Found a corrupted altar of Lugonu.
   414 | D        | Found a burning altar of Makhleb.
   415 | D        | Found a sparkling altar of Nemelex Xobeh.
   417 | D        | Found an iron altar of Okawaru.
   418 | D        | Found a stormy altar of Qazlal.
   419 | D        | Found a sacrificial altar of Ru.
   420 | D        | Found a shimmering blue altar of Sif Muna.
   421 | D        | Found a bloodstained altar of Trog.
   422 | D        | Found a hide-covered altar of Uskayaw.
   423 | D        | Found a radiant altar of Vehumet.
   424 | D        | Found an ornate altar of the Wu Jian Council.
   425 | D        | Became a worshipper of Warmaster Okawaru
   426 | D        | Found a shimmering altar of Xom.
   427 | D        | Found a basalt altar of Yredelemnul.
   428 | D        | Found a glowing silver altar of Zin.
   429 | D        | Found a glowing golden altar of the Shining One.
   476 | D        | Noticed a vampire
   476 | D        | Noticed a centaur
   476 | D        | Noticed a wyvern
   476 | D        | Noticed a vampire mosquito
   480 | D        | Killed a vampire mosquito
   481 | D        | Reached skill level 5 in Dodging
   481 | D        | Reached XP level 6. HP: 58/64 MP: 5/5
   486 | D        | Killed a wyvern
   487 | D        | Reached skill level 10 in Fighting
   487 | D        | Reached skill level 10 in Maces & Flails
   493 | D        | Reached * piety under Okawaru
   494 | D        | Reached XP level 7. HP: 27/74 MP: 6/6
   503 | D        | Slain by a vampire

Illustrated notes

Levels and vault maps discovered:
D:        linesprint [early_d, line_temple, items_1, d_10, items_2, lair_1,
          lair_end, items_3, orc_1, orc_end, items_4, d_15, swamp_1, shoals_1,
          snake_1, spider_1, d_20, vaults_1, items_5, swamp_end, shoals_end,
          snake_end, spider_end, vaults_end, d_27, items_6, zot_1, zot_end,
          crypt_end, forest_end, elf_end, slime_end, tomb_end, abyss_end,
          pan_hell_end]

Skill      XL: |  1  2  3  4  5  6  7 |
---------------+----------------------+-----
Fighting       | 4 7 8 9 11 | 11.4
Maces & Flails | 3 6 7 9 10 11 | 11.1
Dodging        | 1 3 4 5 6 |  6.9
Armour         | 4 5 6 7 8 |  8.4
Shields        | |  3.6

Action                   |  1- 3 |  4- 6 |  7- 9 || total
-------------------------+-------+-------+-------++-------
Melee: Flail             |    18 |     7 |       ||    25
       Headbutt          |       |     8 |     2 ||    10
       Morningstar       |       |    15 |     9 ||    24
Armor: Scale mail        |    14 |     4 |       ||    18
       Ring mail         |       |     7 |     9 ||    16
Dodge: Dodged            |     7 |    16 |     5 ||    28
Block: Buckler           |     3 |     4 |     2 ||     9

Table legend: (Time is in decaauts)
 A = Elapsed time spent in this place.
 B = Non-inter-level travel time spent in this place.
 C = Inter-level travel time spent in this place.
 D = Time resting spent in this place.
 E = Time spent auto-exploring this place.
 F = Levels seen in this place.
 G = Mean time per level.
                   A        B        C        D        E       F      G
               +--------+--------+--------+--------+--------+-----+--------+
         Total |    508 |    508 |      0 |    222 |    152 |   1 |  508.0 |
       Dungeon |    508 |    508 |      0 |    222 |    152 |   1 |  508.0 |
               +--------+--------+--------+--------+--------+-----+--------+

Top non-repeatable levels by time:
       D: 508 daAuts
